 Dungeon Sprint DCSS version 0.28.0-43-g3370ac3207 (webtiles) character file.

Game seed: 2794744083888212143

16561 boopmooplesden the Executioner (level 12, -37/183 HPs)
             Began as a Minotaur Berserker on Mar 14, 2022.
             Was the Champion of Trog.
             Killed from afar by Lom Lobon (68 damage)
             ... with a great icy blast
             ... in the Dungeon (Sprint I: "Red Sonja").
             The game lasted 00:14:12 (4846 turns).

boopmooplesden the Executioner (Minotaur Berserker) Turns: 4846, Time: 00:14:14

Health: -37/183    AC: 15    Str: 25    XL:     12   Next: 11%
Magic:  3/3        EV: 16    Int:  4    God:    Trog [******]
Gold:   859        SH:  4    Dex: 10    Spells: 11/11 levels left

rFire   . . .      SeeInvis .   r - +3 battleaxe (antimagic)
rCold   . . .      Faith    .   (shield currently unavailable)
rNeg    . . .      Spirit   .   j - +3 leather armour {Will+}
rPois   +          Reflect  .   q - +2 hat
rElec   .          Harm     .   o - +0 cloak
rCorr   +          Rampage  .   k - +1 pair of gloves
Will    +....      NoTele   +   m - +0 pair of boots
Stlth   ..........              (no amulet)
HPRegen 0.40/turn               t - ring of poison resistance
MPRegen 0.08/turn               v - ring of resist corrosion

@: berserking, unable to read, very quick
A: horns 2, retaliatory headbutt, large bone plates 1, camouflage 1, clumsy 1,
deterioration 1, frail 1, low MP 1, screaming 1, shaggy fur 1, inability to read
while threatened, sturdy frame 2
a: Renounce Religion, Berserk, Trog's Hand, Brothers in Arms


You were in the Dungeon.
You worshipped Trog.
Trog was exalted by your worship.
You visited 1 branch You collected 2293 gold pieces.
You spent 1434 gold pieces at shops.

Inventory:

Hand Weapons
 a - a +0 hand axe
 r - a +3 antimagic battleaxe (weapon)
 s - a +1 great sword of flaming
 u - a +2 antimagic triple sword
Armour
 b - a +0 animal skin
 j - a +3 leather armour of willpower (worn)
 k - a +1 pair of gloves (worn)
 m - a +0 pair of boots (worn)
 o - a +0 cloak (worn)
 q - a +2 hat (worn)
 z - a +4 scale mail of poison resistance
Jewellery
 t - a ring of poison resistance (left hand)
 v - a ring of resist corrosion (right hand)
 A - a +4 ring of evasion
Wands
 i - a wand of paralysis (7)
Scrolls
 h - a scroll of blinking
 n - 2 scrolls of fear
Potions
 c - 3 potions of curing
 d - a potion of heal wounds
 e - a potion of haste
 f - 2 potions of magic
 g - a potion of berserk rage
 w - a potion of attraction {unknown}
Miscellaneous
 x - a phial of floods
 y - a lightning rod (4/4)


   Skills:
 + Level 21.4 Fighting
 + Level 4.0 Long Blades
 + Level 22.4 Axes
 + Level 10.6 Armour
 + Level 12.7 Dodging
 + Level 7.1 Stealth
 + Level 4.3 Shields
 + Level 0.5 Evocations


You had 11 spell levels left.
You didn't know any spells.
Your spell library was empty.

Dungeon Overview and Level Annotations

Branches:
Dungeon (1/1)

Altars:
Cheibriados
Dithmenos
Elyvilon
Fedhas
Gozag
Hepliaklqana
Kikubaaqudgha
Makhleb
Nemelex Xobeh
Okawaru
Qazlal
Ru
Sif Muna
Trog
Uskayaw
Vehumet
Wu Jian
Xom
Yredelemnul
Zin
The Shining One
Jiyva
Lugonu

Shops:
D =(:[*((:::[((:(*!!:[:

Annotations:
D exclusion: oklob plant, Lom Lobon


Innate Abilities, Weirdness & Mutations

You have a pair of horns on your head.
You reflexively headbutt those who attack you in melee.
You are partially covered in large bone plates. (SH +4)
Your skin changes colour to match your surroundings (Stealth+).
You are clumsy. (Dex -2)
Your body sometimes deteriorates upon taking damage.
You are frail. (-10% HP)
Your magical capacity is low. (-10% MP)
You occasionally shout uncontrollably at your foes.
You are covered in fur. (AC +1)
You sometimes lose the ability to read scrolls when taking damage.
Your movements are less encumbered by armour. (ER -4)


Message History

The jiangshi claws you!
The jiangshi draws strength from your injuries!
The jiangshi claws you!
You feel threatened and lose the ability to read scrolls!
The jiangshi draws strength from your injuries!
You hit the jiangshi. Your headbutt misses the jiangshi.
The jiangshi is lightly damaged.
The jiangshi claws you!
The jiangshi draws strength from your injuries!
The jiangshi claws you!
The jiangshi draws strength from your injuries!
You closely miss the jiangshi. Your headbutt misses the jiangshi.
The jiangshi closely misses you.
The jiangshi claws you but does no damage.
You hit the jiangshi. Your headbutt misses the jiangshi.
The jiangshi is lightly damaged.
You slice the jiangshi!! You headbutt the jiangshi.
The jiangshi is heavily damaged.
The jiangshi claws you!
* * * LOW HITPOINT WARNING * * *
The jiangshi draws strength from your injuries!
The jiangshi claws you!
* * * LOW HITPOINT WARNING * * *
The jiangshi draws strength from your injuries!
A red film seems to cover your vision as you go berserk!
You feel yourself moving faster!
You feel mighty!
The winds around Lom Lobon start to calm down.
The jiangshi barely misses you. You furiously retaliate!
You headbutt the jiangshi.
The jiangshi claws you but does no damage.
The jiangshi barely misses you. You block the jiangshi's attack.
You slice the jiangshi!! Your headbutt misses the jiangshi.
The jiangshi is severely damaged.
You slice the jiangshi!!
You destroy the jiangshi!
The jiangshi disappears in a puff of smoke!
Lom Lobon gestures at you.
Lom Lobon conjures a mighty blast of ice!
The great icy blast engulfs you!!!
You die...

.○°○+..$$$#*,*,*,#..≈.[#,****+*,,
#°..#.....#,,***,#..≈.##+*,,,,**,
#○.°###++##,**,,,#..≈##,,,,,,,,**
#..##*,,***,,*+###..≈#,,,,,,,,,,*
#..#***,,***,,,#P≈..##,,,,,,,,,,*
##'#,,*,,*,***,#M≈..#,,,,,,,,,,,,
##.#,,,,,,,,,*,###..#,,,,,,,,,,,,
####,,,,,,,,,*,#.§..#*,,,,,,,,,,*
#,,+,,,,,,****+#@##'#*,,,,,,,,,,*
#****,,,***,,,,#§#≈≈≈#*,,,,,,,,**
#,,,*****,,,***#&#≈≈≈≈#*,,,,,,**,
#,,,,,,,,,***,,.§#≈≈≈≈≈#*******,,
,,,,,,*****,^^§####≈≈≈≈#≈≈≈≈≈*,,,
,,,,,**,,^,,^°°*,,*'≈≈≈'≈≈,≈≈',,,
,,,,**,,^^,,°°,*,,,##≈≈#≈≈≈≈≈*≈≈≈
,,,,*,^,,,,°°°,*,,,,******'*****≈
*********,.&.,,*,,,,*≈≈≈≈≈≈≈≈≈≈**


You could see Lom Lobon (gusty).

Vanquished Creatures
  A lorocyproca (D)
  A deep elf annihilator (D)
  A hydra (D)
  2 centaur warriors (D)
  Sonja (D)
  A deep troll (D)
  A lindwurm (D)
  An oklob plant (D)
  8 shining eyes (D)
  2 merfolk sirens (D)
  2 gargoyles (D)
  4 demonic crawlers (D)
  2 unseen horrors (D)
  2 kobold demonologists (D)
  A hellwing (D)
  5 hornets (D)
  A slime creature (D)
  Sigmund (D)
  A yak (D)
  13 hogs (D)
  2 redbacks (D)
  7 floating eyes (D)
  7 necrophages (D)
  An ogre (D)
  8 jellies (D)
  Ijyb (D)
77 creatures vanquished.

Vanquished Creatures (others)
  2 ballistomycete spores (D)
2 creatures vanquished.

Grand Total: 79 creatures vanquished

Notes
Turn   | Place    | Note
-------+----------+-------------------------------------------
     0 | D        | boopmooplesden the Minotaur Berserker began the quest for
                  | the Orb.
     0 | D        | Reached XP level 1. HP: 19/19 MP: 0/0
     1 | D        | Noticed Ijyb
     3 | D        | Paralysed by Ijyb for 6 turns
    15 | D        | Killed Ijyb
    16 | D        | Reached skill level 5 in Fighting
    16 | D        | Reached skill level 5 in Axes
    16 | D        | Reached XP level 2. HP: 21/29 MP: 1/1
   178 | D        | Noticed an ogre
   184 | D        | Killed an ogre
   185 | D        | Reached skill level 7 in Axes
   185 | D        | Reached XP level 3. HP: 19/40 MP: 2/2
   185 | D        | Reached XP level 4. HP: 23/48 MP: 3/3
   386 | D        | Noticed Sigmund
   398 | D        | Killed Sigmund
   398 | D        | Reached ** piety under Trog
   399 | D        | Reached skill level 9 in Axes
   399 | D        | Reached skill level 5 in Armour
   399 | D        | Reached skill level 5 in Dodging
   399 | D        | Reached XP level 5. HP: 58/58 MP: 4/4
   435 | D        | Found an ornate altar of the Wu Jian Council.
   435 | D        | Found a shimmering blue altar of Sif Muna.
   437 | D        | Found a radiant altar of Vehumet.
   442 | D        | Reached skill level 10 in Fighting
   442 | D        | Reached skill level 10 in Axes
   442 | D        | Reached XP level 6. HP: 52/66 MP: 5/5
   626 | D        | Found Xuff's Antique Armour Emporium.
   626 | D        | Found an ancient bone altar of Kikubaaqudgha.
   626 | D        | Found a hazy altar of Hepliaklqana.
   626 | D        | Found a hide-covered altar of Uskayaw.
   626 | D        | Found a basalt altar of Yredelemnul.
   626 | D        | Found an opulent altar of Gozag.
   626 | D        | Found a snail-covered altar of Cheibriados.
   626 | D        | Found a sacrificial altar of Ru.
   626 | D        | Found a shadowy altar of Dithmenos.
   626 | D        | Noticed a yak
   630 | D        | Killed a yak
   631 | D        | Reached skill level 11 in Axes
   631 | D        | Found a stormy altar of Qazlal.
   631 | D        | Found a blossoming altar of Fedhas.
   631 | D        | Found a bloodstained altar of Trog.
   631 | D        | Found an iron altar of Okawaru.
   631 | D        | Found a glowing golden altar of the Shining One.
   631 | D        | Found a glowing silver altar of Zin.
   631 | D        | Found a white marble altar of Elyvilon.
   632 | D        | Found a sparkling altar of Nemelex Xobeh.
   636 | D        | Bought a pair of glowing gloves for 232 gold pieces
   660 | D        | Found a burning altar of Makhleb.
   660 | D        | Found a viscous altar of Jiyva.
   660 | D        | Found a shimmering altar of Xom.
   660 | D        | Found a corrupted altar of Lugonu.
   660 | D        | Noticed a slime creature
   667 | D        | Killed a slime creature
   668 | D        | Reached skill level 12 in Axes
   668 | D        | Reached skill level 1 in Stealth
   668 | D        | Reached XP level 7. HP: 57/75 MP: 6/6
   780 | D        | Bought a pair of boots for 139 gold pieces
   902 | D        | Noticed a kobold demonologist
   903 | D        | Noticed a kobold demonologist
   911 | D        | Killed a kobold demonologist
   911 | D        | Reached *** piety under Trog
   911 | D        | Paralysed by a floating eye for 4 turns
   912 | D        | Reached skill level 13 in Axes
   918 | D        | Noticed an orange demon
   920 | D        | Killed a kobold demonologist
   920 | D        | Reached **** piety under Trog
   921 | D        | Reached skill level 14 in Axes
   921 | D        | Reached XP level 8. HP: 86/86 MP: 7/7
  1074 | D        | Noticed a centaur warrior
  1075 | D        | Noticed a centaur warrior
  1083 | D        | Killed a centaur warrior
  1084 | D        | Reached skill level 15 in Axes
  1120 | D        | Killed a centaur warrior
  1121 | D        | Reached skill level 15 in Fighting
  1121 | D        | Reached skill level 16 in Axes
  1121 | D        | Reached XP level 9. HP: 33/97 MP: 8/8
  1377 | D        | Noticed an oklob plant
  1392 | D        | Paralysed by a hornet for 2 turns
  1412 | D        | Killed an oklob plant
  1567 | D        | Bought a cloak for 139 gold pieces
  1579 | D        | Noticed Sonja
  1585 | D        | Killed Sonja
  1585 | D        | Reached ***** piety under Trog
  1586 | D        | Reached skill level 17 in Axes
  1744 | D        | Found Roataos's Jewellery Boutique.
  1764 | D        | Noticed a deep troll
  1772 | D        | Killed a deep troll
  1773 | D        | Reached XP level 10. HP: 108/108 MP: 9/9
  1840 | D        | Found Xamesut's Armour Emporium.
  1844 | D        | Bought a +2 hat for 224 gold pieces
  1974 | D        | Gained mutation: You are clumsy. (Dex -2) [potion of
                  | mutation]
  1974 | D        | Gained mutation: You are covered in fur. (AC +1) [potion of
                  | mutation]
  1974 | D        | Gained mutation: Your movements are slightly less
                  | encumbered by armour. (ER -2) [potion of mutation]
  1974 | D        | Gained mutation: You have hidden genetic potential. [potion
                  | of mutation]
  2155 | D        | Noticed a shining eye
  2155 | D        | Noticed a shining eye
  2155 | D        | Noticed a shining eye
  2169 | D        | Paralysed by a floating eye for 2 turns
  2177 | D        | Gained mutation: You sometimes lose the ability to read
                  | scrolls when taking damage. [a shining eye]
  2181 | D        | Gained mutation: Your body sometimes deteriorates upon
                  | taking damage. [a shining eye]
  2185 | D        | Killed a shining eye
  2185 | D        | Received a gift from Trog
  2186 | D        | Reached skill level 10 in Armour
  2191 | D        | Noticed a shining eye
  2191 | D        | Noticed a shining eye
  2191 | D        | Noticed a shining eye
  2192 | D        | Gained mutation: Your magical capacity is low. (-10% MP) [a
                  | shining eye]
  2195 | D        | Paralysed by a floating eye for 4 turns
  2200 | D        | Killed a shining eye
  2201 | D        | Reached skill level 18 in Axes
  2201 | D        | Reached skill level 10 in Dodging
  2203 | D        | Killed a shining eye
  2203 | D        | Killed a shining eye
  2203 | D        | Gained mutation: You occasionally shout uncontrollably at
                  | your foes. [a shining eye]
  2206 | D        | Killed a shining eye
  2207 | D        | Reached skill level 5 in Stealth
  2207 | D        | Killed a shining eye
  2208 | D        | Reached skill level 19 in Axes
  2208 | D        | Noticed a shining eye
  2208 | D        | Noticed a shining eye
  2208 | D        | Gained mutation: You are frail. (-10% HP) [a shining eye]
  2213 | D        | Gained mutation: Your skin changes colour to match your
                  | surroundings (Stealth+). [a shining eye]
  2217 | D        | Killed a shining eye
  2222 | D        | Killed a shining eye
  2222 | D        | Received a gift from Trog
  2230 | D        | Bought a ring of poison resistance for 220 gold pieces
  2266 | D        | Reached XP level 11. HP: 108/108 MP: 2/8
  2300 | D        | Gained mutation: You are partially covered in large bone
                  | plates. (SH +4) [hidden potential]
  2308 | D        | Reached skill level 20 in Axes
  2529 | D        | Reached ****** piety under Trog
  2535 | D        | Received a gift from Trog
  2698 | D        | Found Vokyshal's Book Shoppe.
  2698 | D        | Found Kalloki's Antique Weapon Shop.
  2698 | D        | Found Puhic's Book Boutique.
  2700 | D        | Found Umyttops's Book Emporium.
  2700 | D        | Found Vuesuqaxiz's Antique Armour Shop.
  2700 | D        | Found Giytoh's Weapon Shoppe.
  2700 | D        | Found Fup Tyom's Antique Weapon Boutique.
  2700 | D        | Found Jagas's Book Emporium.
  2700 | D        | Found Wirir's Antique Weapon Shop.
  2700 | D        | Found Zeam's Assorted Antiques.
  2703 | D        | Found Bober's Distillery.
  2704 | D        | Found Wutadi's Book Emporium.
  2704 | D        | Found Ylioco's Distillery.
  2705 | D        | Found Xauq's Book Emporium.
  2777 | D        | Found Nifolit's Assorted Antiques.
  2777 | D        | Found Atwidgh's Antique Weapon Shoppe.
  2777 | D        | Found Pysoesoo's Weapon Boutique.
  2777 | D        | Found Eryet's Book Emporium.
  2848 | D        | Received a gift from Trog
  2858 | D        | Reached skill level 1 in Shields
  2860 | D        | Reached skill level 21 in Axes
  2883 | D        | Noticed a lindwurm
  2886 | D        | Killed a lindwurm
  2921 | D        | Received a gift from Trog
  3117 | D        | Noticed a 12-headed hydra
  3123 | D        | Killed a nine-headed hydra
  3124 | D        | Reached skill level 1 in Long Blades
  3296 | D        | Noticed a deep elf annihilator
  3313 | D        | Killed a deep elf annihilator
  3313 | D        | Received a gift from Trog
  3314 | D        | Reached skill level 22 in Axes
  3328 | D        | Received a gift from Trog
  3388 | D        | Noticed a mummy priest
  3404 | D        | Reached XP level 12. HP: 97/122 MP: 3/9
  3497 | D        | Gained mutation: Your movements are less encumbered by
                  | armour. (ER -4) [hidden potential]
  3497 | D        | Lost mutation: You have hidden genetic potential. [hidden
                  | potential expressed]
  4368 | D        | Bought a tubular opal ring for 140 gold pieces
  4368 | D        | Bought a shiny scale mail for 196 gold pieces
  4428 | D        | Bought a golden ring for 120 gold pieces
  4428 | D        | Bought a scroll labelled XASAHI SAEDYK for 24 gold pieces
  4510 | D        | Killed a lorocyproca
  4830 | D        | Noticed a jiangshi
  4836 | D        | Noticed Lom Lobon
  4846 | D        | Killed from afar by Lom Lobon

Illustrated notes

Levels and vault maps discovered:
D:        dungeon_sprint_1 [red_sonja_temple_1, red_sonja_temple_small_1]

Skill      XL: |  1  2  3  4  5  6  7  8  9 10 11 12 |
---------------+-------------------------------------+-----
Fighting       | 5 7 9 10 11 13 15 16 18 21 | 21.4
Axes           | 5 7 9 10 12 14 16 17 19 22 | 22.4
Armour         | 3 4 5 6 7 8 9 10 | 10.6
Dodging        | 3 4 5 6 7 8 9 10 12 | 12.7
Stealth        | 1 3 4 5 7 |  7.1
Shields        | 3 4 |  4.3
Long Blades    | 3 4 |  4.0
Evocations     | |  0.5

Action                   |  1- 3 |  4- 6 |  7- 9 | 10-12 || total
-------------------------+-------+-------+-------+-------++-------
Melee: Hand axe          |     9 |    23 |    54 |    14 ||   100
       Headbutt          |     2 |     4 |    14 |    30 ||    50
       Punch             |       |       |     1 |       ||     1
       Battleaxe         |       |       |       |   122 ||   122
       Great sword       |       |       |       |     5 ||     5
Throw: Dart              |       |       |       |     3 ||     3
Invok: Berserk           |     2 |     2 |     5 |     8 ||    17
Evoke: Wand              |       |       |     1 |       ||     1
  Use: Scroll            |       |       |       |     6 ||     6
       Potion            |       |       |       |     1 ||     1
 Stab: Sleeping          |       |       |       |     3 ||     3
Armor: Animal skin       |     1 |       |       |       ||     1
       Leather armour    |       |     3 |    19 |    89 ||   111
Dodge: Dodged            |     4 |     7 |    21 |    87 ||   119
Block: Other             |       |       |       |    21 ||    21
